 Dungeon Crawl Stone Soup version 0.29.1-1-gd02db6906a (webtiles) character file.

Game seed: 3304863027599481050

169 FollowTheCloud the Cudgeller (level 5, -6/37 HPs)
             Began as a Gnoll Wanderer on Oct 20, 2022.
             Shot with an arrow by a centaur (10 damage)
             ... on level 7 of the Dungeon.
             The game lasted 00:10:29 (3808 turns).

FollowTheCloud the Cudgeller (Gnoll Wanderer)       Turns: 3808, Time: 00:10:30

Health: -6/37      AC:  9    Str: 16    XL:     5   Next: 50%
Magic:  9/9        EV: 10    Int: 14    God:
Gold:   177        SH:  0    Dex:  9    Spells: 4/10 levels left

rFire   + . .      SeeInvis .   m - +0 shortbow
rCold   x . .      Faith    .   (shield currently unavailable)
rNeg    . . .      Spirit   .   b - +0 ring mail
rPois   .          Reflect  .   (no helmet)
rElec   .          Harm     .   (no cloak)
rCorr   .          Rampage  .   y - +1 pair of gloves {Str+3}
Will    .....                   u - +0 pair of boots
Stlth   +.........              (no amulet)
HPRegen 0.12/turn               k - ring of fire
MPRegen 0.11/turn               (no ring)

@: no status effects
A: fangs 1, strong nose, distributed training
a: no special abilities


You were on level 7 of the Dungeon.
You visited 1 branch of the dungeon, and saw 6 of its levels.

You collected 177 gold pieces.

Inventory:

Hand Weapons
 a - a +0 flail
 m - a +0 shortbow (weapon)
 B - a +0 whip of flaming
Missiles
 n - a throwing net
 t - 2 javelins
Armour
 b - a +0 ring mail (worn)
 u - a +0 pair of boots (worn)
 y - a +1 pair of gloves of strength (worn)
Jewellery
 k - a ring of fire (left hand)
 C - a ring of protection from cold
Scrolls
 e - a scroll of fear {unknown}
 f - a scroll of poison {unknown}
 g - a scroll of magic mapping {unknown}
 j - a scroll of acquirement {unknown}
 l - a scroll of amnesia {unknown}
 q - a scroll of enchant weapon {unknown}
 r - 2 scrolls of noise {unknown}
 v - 2 scrolls of blinking {unknown}
 w - a scroll of teleportation {unknown}
 z - a scroll of enchant armour {unknown}
 A - a scroll of identify {unknown}
Potions
 c - 3 potions of brilliance
 d - a potion of attraction {unknown}
 h - a potion of curing {unknown}
 i - a potion of mutation {unknown}
 o - a potion of berserk rage {unknown}
 p - a potion of heal wounds {unknown}
 s - a potion of invisibility {unknown}
 x - a potion of might


   Skills:
 + Level 1.6 Fighting
 + Level 1.6 Short Blades
 + Level 1.6 Long Blades
 + Level 1.6 Axes
 + Level 6.7 Maces & Flails
 + Level 1.6 Polearms
 + Level 1.6 Staves
 + Level 1.6 Ranged Weapons
 + Level 1.6 Throwing
 + Level 4.8 Armour
 + Level 1.6 Dodging
 + Level 2.8 Stealth
 + Level 1.6 Shields
 + Level 1.6 Unarmed Combat
 + Level 3.2 Spellcasting
 + Level 1.2 Conjurations
 + Level 1.2 Hexes
 + Level 1.2 Summonings
 + Level 1.2 Necromancy
 + Level 1.2 Translocations
 + Level 1.2 Transmutations
 + Level 1.2 Fire Magic
 + Level 5.5 Ice Magic
 + Level 1.2 Air Magic
 + Level 1.2 Earth Magic
 + Level 1.2 Poison Magic
 + Level 1.8 Invocations
 + Level 1.6 Evocations


You had 4 spell levels left.
You knew the following spells:

 Your Spells              Type           Power      Damage    Failure   Level
a - Freeze                Ice            68%        1d8       3%          1
b - Frozen Ramparts       Ice            34%        1d6       12%         3
c - Static Discharge      Conj/Air       5%         3-4/arc   32%         2

Your spell library contained the following spells:

 Spells                   Type           Power      Damage    Failure   Level
 Sublimation of Blood     Necr           5%         N/A       32%         2
 Dispel Undead            Necr           5%         3d7       91%         4
 Petrify                  Tmut/Erth      5%         N/A       91%         4
 Sticky Flame             Conj/Fire      8%         2d3       91%         4
 Irradiate                Conj/Tmut      2%         3d12      99%         5


Dungeon Overview and Level Annotations

Branches:
Dungeon (5/15)
 Temple: D:4-7

Altars:
Kikubaaqudgha
Nemelex Xobeh
Okawaru
Ru
Wu Jian

Shops:
D:2 *


Innate Abilities, Weirdness & Mutations

You have very sharp teeth.
Your uncanny sense of smell can sniff out nearby items.
Your experience applies equally to all skills.


Message History

Aim: an orc, wielding a +0 flail and wearing a +0 chain mail (severely wounded)
You freeze the orc.
You kill the orc!
Unknown command.
You start resting.
Magic restored.
You start resting.
HP restored.
You now have 177 gold pieces (gained 7).
Things that are here:
a +0 flail; a +0 chain mail; an orc corpse
Found a stone staircase leading down.
Why would you want to do that?
Found a notched pearl ring.
C - a ring of protection from cold A centaur comes into view.
It is wielding a +0 battleaxe and carrying a wand of mindburst (14).
The centaur unwields a +0 battleaxe.
The centaur wields a +0 shortbow.
The centaur shoots an arrow.
The arrow hits you!
The centaur zaps a wand.
Your mind is blasted!
The centaur shoots an arrow.
The arrow hits you.
Aiming: Freeze (safe; 3% risk of failure)
Press: ? - help, Q - select action, (/) - cycle Shift-Dir - straight line, f - you That would be overly suicidal.
Okay, then.
Casting: Freeze (safe; 3% risk of failure)
Confirm with . or Enter, or press ? or * to list all spells.
Okay, then.
Unknown command.
Your +0 whip of flaming stops flaming.
m - a +0 shortbow (weapon)
Fire: m) +0 shortbow
Press: ? - help, Q - select action, (/) - cycle Shift-Dir - straight line, f - centaur
Aim: a centaur, wielding a +0 shortbow, quivering stones and carrying a wand of mindburst (13) (65% to hit)
You shoot an arrow. The arrow hits the centaur.
The centaur is moderately wounded.
The centaur shoots an arrow.
The arrow hits you.
The centaur shoots an arrow.
The arrow hits you!
* * * LOW HITPOINT WARNING * * *
The centaur shoots an arrow.
The arrow hits you!
You die...

###......≈≈# ∆
###......≈≈#
.##.###..≈≈# .##.#
#..≈###+##
.##.###.#≈##≈.≈##≈
.##.##>..≈≈≈≈.≈≈≈≈
.##.######.....####
............#.....#
###.#######.#...@.+
#.# #.#.....# #.#
#.#.....# #.#
####.#.....#. #.#
#..............
#.####.##.#####....#
#....# #.# ......
#....# #........c.##
##...# #..####....#


You could see a centaur.

Vanquished Creatures
  An orc priest (D:7)
  2 iguanas
  An orc wizard (D:5)
  A worm (D:3)
  2 dart slugs (D:3)
  4 orcs
  6 ball pythons
  8 bats
  3 endoplasms (D:3)
  2 giant cockroaches (D:1)
  5 goblins
  5 hobgoblins
  3 quokkas
  2 frilled lizards (D:3)
  2 kobolds (D:2)
  4 rats
51 creatures vanquished.

Notes
Turn   | Place    | Note
-------+----------+-------------------------------------------
     0 | D:1      | FollowTheCloud the Gnoll Wanderer began the quest for the
                  | Orb.
     0 | D:1      | FollowTheCloud set off with the following items: a +0
                  | flail, a +0 ring mail, a potion of brilliance; and the
                  | following spell memorised: Freeze; and the following spells
                  | available to memorise: Frozen Ramparts.
     0 | D:1      | Reached XP level 1. HP: 13/13 MP: 4/4
   636 | D:1      | Reached XP level 2. HP: 19/19 MP: 3/5
   993 | D:2      | Found Ziotyxosch's General Store.
  1393 | D:3      | Reached skill level 1 in Invocations
  1393 | D:3      | Reached XP level 3. HP: 17/25 MP: 2/7
  1560 | D:3      | Found an ornate altar of the Wu Jian Council.
  1606 | D:3      | Reached skill level 1 in Fighting
  1606 | D:3      | Reached skill level 1 in Short Blades
  1606 | D:3      | Reached skill level 1 in Long Blades
  1606 | D:3      | Reached skill level 1 in Axes
  1606 | D:3      | Reached skill level 1 in Polearms
  1606 | D:3      | Reached skill level 1 in Staves
  1606 | D:3      | Reached skill level 1 in Ranged Weapons
  1606 | D:3      | Reached skill level 1 in Throwing
  1606 | D:3      | Reached skill level 1 in Dodging
  1606 | D:3      | Reached skill level 1 in Shields
  1606 | D:3      | Reached skill level 1 in Unarmed Combat
  1606 | D:3      | Reached skill level 1 in Evocations
  1646 | D:3      | Found a sacrificial altar of Ru.
  1800 | D:3      | Found a sparkling altar of Nemelex Xobeh.
  1898 | D:3      | Reached XP level 4. HP: 19/32 MP: 3/8
  2763 | D:2      | Found an ornate altar of the Wu Jian Council.
  2774 | D:2      | Reached skill level 1 in Conjurations
  2774 | D:2      | Reached skill level 1 in Hexes
  2774 | D:2      | Reached skill level 1 in Summonings
  2774 | D:2      | Reached skill level 1 in Necromancy
  2774 | D:2      | Reached skill level 1 in Translocations
  2774 | D:2      | Reached skill level 1 in Transmutations
  2774 | D:2      | Reached skill level 1 in Fire Magic
  2774 | D:2      | Reached skill level 1 in Air Magic
  2774 | D:2      | Reached skill level 1 in Earth Magic
  2774 | D:2      | Reached skill level 1 in Poison Magic
  2979 | D:4      | You fall into a shaft and drop 1 floor!
  2979 | D:5      | Entered Level 5 of the Dungeon
  2984 | D:5      | Found an iron altar of Okawaru.
  3003 | D:5      | Noticed a centaur
  3053 | D:5      | Learned a level 3 spell: Frozen Ramparts
  3114 | D:5      | Reached XP level 5. HP: 37/37 MP: 2/9
  3173 | D:5      | Learned a level 2 spell: Static Discharge
  3173 | D:5      | Found an ancient bone altar of Kikubaaqudgha.
  3181 | D:5      | Noticed a phantom
  3242 | D:5      | You fall into a shaft and drop 2 floors!
  3804 | D:7      | Noticed a centaur
  3808 | D:7      | Shot with an arrow by a centaur

Illustrated notes

Levels and vault maps discovered:
D:1:      saegor_arrival_miasma, layout_basic
D:2:      layout_basic, basic_altar, serial_shops, shop
D:3:      layout_loops_ring, hangedman_ru_absence, nemelex_dance_club_becter,
          mainiacjoe_overflow_chevrons, minmay_bisected
D:4:      layout_basic, feat_on_display
D:5:      layout_basic, marbit_many_paths, general_overflow_altar,
          mainiacjoe_overflow_paths, minmay_temple_entry_stoned_glass
D:7:      layout_basic, ebering_ghost_reflecting_pool, lightli_minifort,
          uniq_duvessa

Skill      XL: |  1  2  3  4 |
---------------+-------------+-----
Invocations    | 1 |  1.8
Fighting       | 1 |  1.6
Short Blades   | 1 |  1.6
Long Blades    | 1 |  1.6
Axes           | 1 |  1.6
Polearms       | 1 |  1.6
Staves         | 1 |  1.6
Ranged Weapons | 1 |  1.6
Throwing       | 1 |  1.6
Dodging        | 1 |  1.6
Shields        | 1 |  1.6
Unarmed Combat | 1 |  1.6
Evocations     | 1 |  1.6
Spellcasting   | 3 |  3.2
Conjurations   | 1 |  1.2
Hexes          | 1 |  1.2
Summonings     | 1 |  1.2
Necromancy     | 1 |  1.2
Translocations | 1 |  1.2
Transmutations | 1 |  1.2
Fire Magic     | 1 |  1.2
Air Magic      | 1 |  1.2
Earth Magic    | 1 |  1.2
Poison Magic   | 1 |  1.2
Maces & Flails | |  6.7
Armour         | |  4.8
Stealth        | |  2.8
Ice Magic      | |  5.5

Action                   |  1- 3 |  4- 6 || total
-------------------------+-------+-------++-------
Melee: Flail             |     5 |       ||     5
       Whip              |       |    12 ||    12
       Bite              |       |     2 ||     2
 Fire: Shortbow          |    47 |    28 ||    75
 Cast: Freeze            |    26 |    36 ||    62
       Frozen Ramparts   |       |     2 ||     2
Armor: Ring mail         |    10 |    25 ||    35
Dodge: Dodged            |    14 |    44 ||    58
